2086 views
Uploaded 2023-01-25 14:28:28
Game version 1.35 (6115)
26:19 long 3on3 ladder game on (6)UpperKingdom
Saved by GIGA
2086 views
Uploaded 2023-01-25 14:28:28
Game version 1.35 (6115)
26:19 long 3on3 ladder game on (6)UpperKingdom


125 units @ 14.9k
/ 1.4k
130 buildings @ 12.8k
/ 6.1k


| Scroll of Town Portal | 3 | 1050 |
| Orb of Lightning | 1 | 375 |
| total: | 4 | 1425g |
| Peasant | 31 | 2325 | / | 0 |
| Footman | 1 | 135 | / | 0 |
| Rifleman | 12 | 2460 | / | 360 |
| total: | 44 | 4920g | / | 360w |
| Scout Tower | 42 | 1260 | / | 840 |
| Arcane Tower | 11 | 770 | / | 550 |
| Guard Tower | 9 | 630 | / | 450 |
| Altar of Kings | 1 | 180 | / | 50 |
| Farm | 14 | 1120 | / | 280 |
| Barracks | 1 | 160 | / | 60 |
| Blacksmith | 1 | 140 | / | 60 |
| Arcane Vault | 1 | 130 | / | 30 |
| Lumber Mill | 1 | 120 | / | 0 |
| Town Hall | 2 | 770 | / | 410 |
| Arcane Sanctum | 1 | 150 | / | 140 |
| Keep | 1 | 320 | / | 210 |
| Castle | 1 | 360 | / | 210 |
| Watch Tower | 9 | 990 | / | 720 |
| total: | 73 | 5020g | / | 2590w |
| 0:03 | Peasant |
| 0:03 | Peasant |
| 0:08 | Altar of Kings |
| 0:11 | Farm |
| 0:20 | Scout Tower |
| 0:24 | Peasant |
| 0:26 | Peasant |
| 0:26 | Peasant |
| 0:40 | Peasant |
| 0:52 | Peasant |
| 0:53 | Arcane Tower |
| 1:00 | Peasant |
| 1:34 | Barracks |
| 1:40 | Peasant |
| 1:48 | Blacksmith |
| 1:57 | Farm |
| 2:06 | Farm |
| 2:14 | Storm Bolt |
| 2:24 | Arcane Vault |
| 2:40 | Farm |
| 2:41 | Farm |
| 2:46 | Footman |
| 3:00 | Scout Tower |
| 3:08 | Rifleman |
| 3:14 | Farm |
| 3:29 | Rifleman |
| 3:29 | Rifleman |
| 3:50 | Farm |
| 3:53 | Rifleman |
| 3:57 | Arcane Tower |
| 4:21 | Peasant |
| 4:21 | Peasant |
| 4:22 | Peasant |
| 4:36 | Black Gunpowder |
| 4:48 | Rifleman |
| 5:23 | Keep |
| 5:31 | Farm |
| 5:35 | Farm |
| 6:03 | Bash |
| 6:29 | Studded Leather Armor |
| 6:31 | Rifleman |
| 6:31 | Rifleman |
| 6:58 | Lumber Mill |
| 7:01 | Scout Tower |
| 7:32 | Arcane Tower |
| 7:48 | Long Rifles |
| 8:41 | Scout Tower |
| 9:12 | Storm Bolt |
| 9:30 | Holy Light |
| 10:33 | Rifleman |
| 10:33 | Rifleman |
| 10:33 | Rifleman |
| 10:33 | Rifleman |
| 10:36 | Rifleman |
| 10:37 | Refined Gunpowder |
| 10:37 | Reinforced Leather Armor |
| 10:40 | Arcane Tower |
| 10:42 | Improved Lumber Harvesting |
| 10:47 | Farm |
| 10:48 | Farm |
| 10:50 | Farm |
| 10:51 | Farm |
| 10:53 | Farm |
| 10:57 | Scout Tower |
| 10:58 | Scout Tower |
| 11:59 | Scroll of Town Portal |
| 12:08 | Advanced Lumber Harvesting |
| 12:12 | Bash |
| 12:22 | Divine Shield |
| 12:32 | Improved Masonry |
| 12:47 | Peasant |
| 12:48 | Peasant |
| 13:08 | Scout Tower |
| 13:09 | Scout Tower |
| 13:12 | Scout Tower |
| 13:12 | Scout Tower |
| 13:16 | Arcane Tower |
| 13:54 | Castle |
| 14:10 | Holy Light |
| 14:56 | Town Hall |
| 15:26 | Town Hall |
| 16:04 | Orb of Lightning |
| 16:11 | Arcane Tower |
| 16:26 | Scout Tower |
| 16:26 | Scout Tower |
| 16:27 | Scout Tower |
| 16:28 | Scout Tower |
| 16:29 | Scout Tower |
| 16:30 | Scout Tower |
| 16:30 | Scout Tower |
| 16:31 | Scout Tower |
| 16:50 | Storm Bolt |
| 17:21 | Divine Shield |
| 17:31 | Imbued Gunpowder |
| 17:31 | Dragonhide Armor |
| 18:20 | Peasant |
| 18:20 | Peasant |
| 18:20 | Peasant |
| 18:20 | Peasant |
| 18:21 | Peasant |
| 18:24 | Peasant |
| 18:25 | Advanced Masonry |
| 19:54 | Arcane Tower |
| 19:55 | Arcane Tower |
| 19:57 | Guard Tower |
| 19:59 | Guard Tower |
| 20:07 | Scout Tower |
| 20:08 | Scout Tower |
| 20:08 | Scout Tower |
| 20:09 | Scout Tower |
| 20:10 | Scout Tower |
| 20:11 | Scout Tower |
| 20:12 | Scout Tower |
| 20:13 | Scout Tower |
| 20:36 | Peasant |
| 20:36 | Peasant |
| 20:36 | Peasant |
| 20:36 | Peasant |
| 20:36 | Peasant |
| 20:37 | Peasant |
| 20:44 | Peasant |
| 20:44 | Peasant |
| 20:44 | Peasant |
| 20:44 | Peasant |
| 20:44 | Peasant |
| 21:09 | Imbued Masonry |
| 21:18 | Guard Tower |
| 21:19 | Arcane Tower |
| 21:31 | Scout Tower |
| 21:32 | Scout Tower |
| 21:46 | Scout Tower |
| 21:47 | Scout Tower |
| 21:47 | Scout Tower |
| 21:48 | Scout Tower |
| 21:49 | Scout Tower |
| 21:50 | Scout Tower |
| 22:14 | Arcane Tower |
| 22:16 | Guard Tower |
| 22:21 | Scout Tower |
| 22:22 | Scout Tower |
| 22:23 | Scout Tower |
| 22:25 | Scout Tower |
| 22:26 | Scout Tower |
| 22:27 | Scout Tower |
| 22:28 | Scout Tower |
| 22:29 | Scout Tower |
| 22:39 | Holy Light |
| 23:24 | Guard Tower |
| 23:27 | Guard Tower |
| 23:29 | Guard Tower |
| 23:41 | Scroll of Town Portal |
| 23:45 | Scroll of Town Portal |
| 24:16 | Guard Tower |
| 24:26 | Guard Tower |
| 24:48 | Watch Tower |
| 24:49 | Watch Tower |
| 24:49 | Watch Tower |
| 24:50 | Watch Tower |
| 24:51 | Watch Tower |
| 24:51 | Watch Tower |
| 24:51 | Watch Tower |
| 24:52 | Watch Tower |
| 24:52 | Watch Tower |
| 25:27 | Arcane Sanctum |
| Right click | 696 |
| Select group | 376 |
| Select | 211 |
| Build/train/purchase | 112 |
| Use ability | 21 |
| Assign group | 16 |
| Item give/drop | 5 |
| Resource trade | 5 |
| Minimap ping | 3 |
| Remove unit | 2 |

| Peasant | 11 | 825 | / | 0 |
| Rifleman | 15 | 3075 | / | 450 |
| Priest | 8 | 1080 | / | 80 |
| total: | 34 | 4980g | / | 530w |
| Scout Tower | 1 | 30 | / | 20 |
| Arcane Tower | 1 | 70 | / | 50 |
| Altar of Kings | 1 | 180 | / | 50 |
| Farm | 10 | 800 | / | 200 |
| Lumber Mill | 1 | 120 | / | 0 |
| Blacksmith | 1 | 140 | / | 60 |
| Arcane Vault | 1 | 130 | / | 30 |
| Barracks | 2 | 320 | / | 120 |
| Town Hall | 2 | 770 | / | 410 |
| Arcane Sanctum | 1 | 150 | / | 140 |
| Keep | 1 | 320 | / | 210 |
| Castle | 1 | 360 | / | 210 |
| total: | 20 | 2640g | / | 1030w |
| 0:06 | Peasant |
| 0:06 | Peasant |
| 0:06 | Peasant |
| 0:06 | Peasant |
| 0:06 | Peasant |
| 0:14 | Altar of Kings |
| 0:39 | Farm |
| 0:58 | Lumber Mill |
| 1:10 | Blacksmith |
| 1:25 | Farm |
| 1:40 | Peasant |
| 1:40 | Peasant |
| 1:45 | Peasant |
| 1:58 | Scout Tower |
| 2:08 | Arcane Vault |
| 2:17 | Improved Lumber Harvesting |
| 2:30 | Arcane Tower |
| 2:38 | Divine Shield |
| 2:54 | Barracks |
| 3:28 | Barracks |
| 3:31 | Rifleman |
| 3:31 | Rifleman |
| 3:38 | Farm |
| 3:45 | Black Gunpowder |
| 4:20 | Farm |
| 4:40 | Rifleman |
| 4:43 | Rifleman |
| 4:51 | Farm |
| 5:30 | Rifleman |
| 5:40 | Farm |
| 6:04 | Holy Light |
| 6:53 | Keep |
| 6:55 | Rifleman |
| 7:29 | Improved Masonry |
| 7:59 | Rifleman |
| 8:03 | Farm |
| 8:07 | Farm |
| 9:08 | Divine Shield |
| 9:19 | Long Rifles |
| 9:22 | Rifleman |
| 10:45 | Arcane Sanctum |
| 11:48 | Rifleman |
| 11:49 | Rifleman |
| 11:52 | Studded Leather Armor |
| 11:52 | Refined Gunpowder |
| 12:19 | Priest Adept Training |
| 12:21 | Priest |
| 12:21 | Priest |
| 12:21 | Priest |
| 12:22 | Priest |
| 12:27 | Farm |
| 12:32 | Castle |
| 13:26 | Advanced Masonry |
| 13:40 | Holy Light |
| 14:00 | Town Hall |
| 14:27 | Priest |
| 14:28 | Priest |
| 14:31 | Farm |
| 15:08 | Priest Master Training |
| 15:12 | Priest |
| 15:15 | Rifleman |
| 16:55 | Reinforced Leather Armor |
| 16:56 | Imbued Gunpowder |
| 16:58 | Imbued Masonry |
| 17:07 | Peasant |
| 17:07 | Peasant |
| 17:07 | Peasant |
| 17:16 | Divine Shield |
| 18:22 | Resurrection |
| 18:54 | Rifleman |
| 18:55 | Rifleman |
| 18:55 | Rifleman |
| 18:59 | Priest |
| 19:51 | Rifleman |
| 22:59 | Town Hall |
| Right click | 308 |
| Select | 183 |
| Build/train/purchase | 61 |
| Use ability | 13 |
| Remove unit | 2 |
| Minimap ping | 2 |


| Healing Salve | 3 | 300 |
| Lesser Clarity Potion | 4 | 280 |
| Orb of Lightning | 3 | 1125 |
| Potion of Healing | 2 | 300 |
| Tiny Great Hall | 2 | 1200 |
| Potion of Mana | 2 | 400 |
| total: | 16 | 3605g |
| Peon | 30 | 2250 | / | 0 |
| Troll Headhunter | 10 | 1400 | / | 200 |
| Demolisher | 3 | 660 | / | 150 |
| Tauren | 1 | 280 | / | 80 |
| Shaman | 1 | 130 | / | 20 |
| Troll Witch Doctor | 2 | 290 | / | 50 |
| total: | 47 | 5010g | / | 500w |
| Watch Tower | 16 | 1760 | / | 1280 |
| Altar of Storms | 1 | 180 | / | 50 |
| Orc Burrow | 4 | 640 | / | 160 |
| War Mill | 3 | 615 | / | 0 |
| Barracks | 5 | 900 | / | 250 |
| Voodoo Lounge | 4 | 520 | / | 120 |
| Spirit Lodge | 1 | 150 | / | 150 |
| Tauren Totem | 2 | 270 | / | 310 |
| Beastiary | 1 | 145 | / | 140 |
| Stronghold | 3 | 945 | / | 570 |
| Fortress | 1 | 325 | / | 190 |
| total: | 37 | 5180g | / | 2460w |
| 0:02 | Peon |
| 0:02 | Peon |
| 0:05 | Altar of Storms |
| 0:19 | Orc Burrow |
| 0:20 | Peon |
| 0:31 | Peon |
| 0:49 | War Mill |
| 0:54 | Peon |
| 1:03 | Barracks |
| 1:10 | Peon |
| 1:22 | Peon |
| 1:30 | Voodoo Lounge |
| 1:33 | Peon |
| 1:47 | Peon |
| 2:06 | Orc Burrow |
| 2:14 | Troll Headhunter |
| 2:14 | Troll Headhunter |
| 2:14 | Troll Headhunter |
| 2:22 | Endurance Aura |
| 2:25 | Troll Headhunter |
| 2:37 | Troll Headhunter |
| 2:57 | Troll Headhunter |
| 3:13 | Stronghold |
| 3:39 | Troll Headhunter |
| 3:48 | Troll Headhunter |
| 4:25 | Troll Headhunter |
| 4:29 | Healing Salve |
| 4:29 | Healing Salve |
| 5:04 | Troll Headhunter |
| 5:07 | Steel Armor |
| 5:08 | Steel Ranged Weapons |
| 5:10 | Orc Burrow |
| 6:12 | War Stomp |
| 6:40 | Fortress |
| 6:45 | Watch Tower |
| 6:55 | Voodoo Lounge |
| 7:19 | Voodoo Lounge |
| 7:24 | Voodoo Lounge |
| 8:06 | Spirit Lodge |
| 8:29 | Barracks |
| 8:38 | Healing Wave |
| 9:15 | Tauren Totem |
| 9:17 | Tauren Totem |
| 10:04 | Demolisher |
| 10:06 | Watch Tower |
| 10:23 | Watch Tower |
| 10:36 | Shaman Adept Training |
| 10:39 | Tauren |
| 10:46 | Lesser Clarity Potion |
| 10:46 | Orb of Lightning |
| 10:50 | Potion of Healing |
| 11:13 | Watch Tower |
| 11:28 | Watch Tower |
| 11:56 | Beastiary |
| 11:57 | Peon |
| 11:57 | Peon |
| 12:00 | Shaman Master Training |
| 12:25 | Berserker Upgrade |
| 12:25 | Troll Regeneration |
| 12:41 | Peon |
| 13:00 | Orc Burrow |
| 13:04 | War Stomp |
| 13:26 | Tiny Great Hall |
| 13:27 | Orb of Lightning |
| 13:29 | Lesser Clarity Potion |
| 13:48 | Thorium Armor |
| 14:19 | Hex |
| 14:52 | Peon |
| 14:54 | Watch Tower |
| 14:55 | Peon |
| 14:58 | Watch Tower |
| 14:59 | Watch Tower |
| 15:13 | Peon |
| 15:13 | Peon |
| 15:16 | Spiked Barricades |
| 15:58 | Watch Tower |
| 16:03 | Watch Tower |
| 16:16 | Shaman |
| 16:35 | Improved Spiked Barricades |
| 16:37 | Peon |
| 16:37 | Peon |
| 16:37 | Peon |
| 16:38 | Peon |
| 16:38 | Peon |
| 18:00 | Thorium Ranged Weapons |
| 18:06 | Lesser Clarity Potion |
| 18:13 | Lesser Clarity Potion |
| 18:17 | Tiny Great Hall |
| 18:17 | Orb of Lightning |
| 18:21 | Potion of Healing |
| 18:22 | Potion of Mana |
| 18:39 | Potion of Mana |
| 18:50 | Peon |
| 18:50 | Peon |
| 18:50 | Peon |
| 18:51 | Peon |
| 18:52 | Peon |
| 18:57 | Healing Salve |
| 19:21 | Peon |
| 19:21 | Peon |
| 19:21 | Peon |
| 19:33 | Watch Tower |
| 19:35 | Watch Tower |
| 19:38 | Barracks |
| 19:39 | Peon |
| 19:42 | Barracks |
| 19:47 | Arcanite Ranged Weapons |
| 19:48 | Arcanite Armor |
| 19:56 | Barracks |
| 20:02 | Troll Witch Doctor |
| 20:04 | Troll Witch Doctor |
| 20:05 | Witch Doctor Adept Training |
| 20:33 | Reinforced Defenses |
| 20:39 | Watch Tower |
| 20:52 | Demolisher |
| 20:52 | Burning Oil |
| 21:08 | Demolisher |
| 21:10 | Watch Tower |
| 21:11 | Watch Tower |
| 21:53 | Stronghold |
| 22:00 | Stronghold |
| 22:02 | Watch Tower |
| 22:18 | War Mill |
| 22:40 | War Mill |
| Right click | 1568 |
| Select | 536 |
| Chat | 168 |
| Build/train/purchase | 149 |
| Select group | 56 |
| Use ability | 32 |
| Misc. action | 16 |
| Assign group | 15 |
| Minimap ping | 13 |
| Esc | 6 |
| Item give/drop | 1 |
98 units @ 9.2k
/ 1k
134 buildings @ 9.5k
/ 4.6k


| Mechanical Critter | 2 | 100 |
| total: | 2 | 100g |
| Peasant | 27 | 2025 | / | 0 |
| Mortar Team | 3 | 540 | / | 210 |
| Flying Machine | 13 | 1300 | / | 390 |
| total: | 43 | 3865g | / | 600w |
| Scout Tower | 15 | 450 | / | 300 |
| Guard Tower | 8 | 560 | / | 400 |
| Arcane Tower | 2 | 140 | / | 100 |
| Altar of Kings | 2 | 360 | / | 100 |
| Lumber Mill | 1 | 120 | / | 0 |
| Farm | 17 | 1360 | / | 340 |
| Town Hall | 1 | 385 | / | 205 |
| Blacksmith | 1 | 140 | / | 60 |
| Workshop | 4 | 560 | / | 560 |
| Keep | 1 | 320 | / | 210 |
| Castle | 1 | 360 | / | 210 |
| total: | 41 | 3375g | / | 1565w |
| 0:04 | Peasant |
| 0:04 | Peasant |
| 0:20 | Altar of Kings |
| 0:21 | Peasant |
| 0:33 | Peasant |
| 0:36 | Lumber Mill |
| 0:37 | Peasant |
| 0:50 | Farm |
| 0:51 | Peasant |
| 0:55 | Peasant |
| 1:09 | Peasant |
| 1:24 | Scout Tower |
| 1:31 | Peasant |
| 1:34 | Farm |
| 1:35 | Farm |
| 1:39 | Peasant |
| 1:52 | Guard Tower |
| 1:54 | Peasant |
| 2:12 | Scout Tower |
| 2:23 | Peasant |
| 2:26 | Farm |
| 2:28 | Scout Tower |
| 2:29 | Scout Tower |
| 2:32 | Peasant |
| 2:37 | Arcane Tower |
| 2:38 | Scout Tower |
| 2:43 | Storm Bolt |
| 3:11 | Guard Tower |
| 3:33 | Peasant |
| 3:34 | Peasant |
| 3:35 | Improved Lumber Harvesting |
| 3:45 | Town Hall |
| 3:51 | Scout Tower |
| 3:56 | Peasant |
| 3:58 | Guard Tower |
| 4:10 | Scout Tower |
| 4:11 | Scout Tower |
| 4:20 | Peasant |
| 4:21 | Peasant |
| 5:02 | Keep |
| 5:07 | Guard Tower |
| 5:11 | Scout Tower |
| 5:12 | Scout Tower |
| 5:17 | Scout Tower |
| 5:18 | Guard Tower |
| 5:33 | Peasant |
| 5:34 | Peasant |
| 5:39 | Scout Tower |
| 5:45 | Improved Masonry |
| 6:14 | Peasant |
| 6:15 | Peasant |
| 6:17 | Guard Tower |
| 6:46 | Guard Tower |
| 6:48 | Scout Tower |
| 6:48 | Scout Tower |
| 6:49 | Scout Tower |
| 7:25 | Advanced Lumber Harvesting |
| 7:29 | Altar of Kings |
| 7:30 | Peasant |
| 7:30 | Peasant |
| 7:30 | Peasant |
| 8:02 | Guard Tower |
| 8:03 | Peasant |
| 8:04 | Peasant |
| 8:17 | Blacksmith |
| 8:26 | Farm |
| 8:26 | Farm |
| 8:29 | Farm |
| 8:34 | Castle |
| 8:47 | Advanced Masonry |
| 9:35 | Holy Light |
| 10:14 | Workshop |
| 10:15 | Workshop |
| 10:23 | Workshop |
| 10:24 | Workshop |
| 10:29 | Black Gunpowder |
| 10:35 | Farm |
| 10:36 | Farm |
| 10:38 | Farm |
| 11:08 | Mortar Team |
| 11:16 | Mortar Team |
| 11:25 | Mortar Team |
| 11:55 | Fragmentation Shards |
| 11:56 | Flare |
| 11:57 | Flak Cannons |
| 11:58 | Flying Machine Bombs |
| 12:26 | Refined Gunpowder |
| 12:32 | Imbued Masonry |
| 12:41 | Farm |
| 12:43 | Farm |
| 14:47 | Imbued Gunpowder |
| 14:52 | Flying Machine |
| 14:53 | Flying Machine |
| 14:54 | Flying Machine |
| 15:39 | Flying Machine |
| 15:39 | Flying Machine |
| 16:07 | Mechanical Critter |
| 16:07 | Mechanical Critter |
| 18:32 | Flying Machine |
| 18:32 | Flying Machine |
| 18:32 | Flying Machine |
| 18:32 | Flying Machine |
| 18:32 | Flying Machine |
| 18:33 | Flying Machine |
| 18:33 | Flying Machine |
| 18:36 | Farm |
| 18:37 | Farm |
| 18:38 | Farm |
| 18:39 | Farm |
| 18:41 | Farm |
| 19:00 | Iron Plating |
| 19:38 | Flying Machine |
| 20:11 | Steel Plating |
| 20:19 | Arcane Tower |
| 22:09 | Divine Shield |
| 23:09 | Storm Bolt |
| Right click | 1189 |
| Select group | 522 |
| Select | 275 |
| Build/train/purchase | 89 |
| Use ability | 39 |
| Misc. action | 32 |
| Minimap ping | 13 |
| Assign group | 8 |
| Remove unit | 4 |



| Staff of Sanctuary | 1 | 250 |
| Orb of Fire | 1 | 325 |
| total: | 2 | 575g |
| Peasant | 16 | 1200 | / | 0 |
| Dragonhawk Rider | 5 | 1000 | / | 150 |
| total: | 21 | 2200g | / | 150w |
| Scout Tower | 63 | 1890 | / | 1260 |
| Arcane Tower | 7 | 490 | / | 350 |
| Guard Tower | 24 | 1680 | / | 1200 |
| Altar of Kings | 2 | 360 | / | 100 |
| Farm | 7 | 560 | / | 140 |
| Lumber Mill | 1 | 120 | / | 0 |
| Arcane Vault | 1 | 130 | / | 30 |
| Gryphon Aviary | 2 | 280 | / | 300 |
| Arcane Sanctum | 1 | 150 | / | 140 |
| Keep | 2 | 640 | / | 420 |
| Castle | 1 | 360 | / | 210 |
| total: | 77 | 3490g | / | 1970w |
| 0:04 | Peasant |
| 0:04 | Peasant |
| 0:04 | Peasant |
| 0:08 | Altar of Kings |
| 0:10 | Farm |
| 0:11 | Farm |
| 0:24 | Peasant |
| 0:39 | Peasant |
| 0:43 | Farm |
| 0:55 | Peasant |
| 1:03 | Lumber Mill |
| 1:14 | Peasant |
| 1:14 | Peasant |
| 1:18 | Scout Tower |
| 1:23 | Peasant |
| 1:43 | Peasant |
| 1:44 | Arcane Tower |
| 2:06 | Improved Lumber Harvesting |
| 2:07 | Peasant |
| 2:18 | Peasant |
| 2:18 | Peasant |
| 2:33 | Peasant |
| 2:47 | Storm Bolt |
| 3:34 | Scout Tower |
| 3:35 | Scout Tower |
| 3:35 | Scout Tower |
| 3:36 | Scout Tower |
| 3:37 | Scout Tower |
| 3:38 | Scout Tower |
| 3:39 | Scout Tower |
| 3:40 | Scout Tower |
| 3:41 | Scout Tower |
| 3:44 | Peasant |
| 3:44 | Peasant |
| 3:46 | Improved Masonry |
| 3:55 | Scout Tower |
| 3:56 | Scout Tower |
| 3:57 | Scout Tower |
| 3:58 | Scout Tower |
| 3:59 | Scout Tower |
| 4:00 | Scout Tower |
| 4:00 | Scout Tower |
| 4:01 | Scout Tower |
| 4:01 | Scout Tower |
| 4:02 | Scout Tower |
| 4:03 | Scout Tower |
| 4:29 | Keep |
| 4:33 | Guard Tower |
| 4:46 | Guard Tower |
| 5:35 | Scout Tower |
| 5:36 | Scout Tower |
| 6:16 | Guard Tower |
| 6:19 | Scout Tower |
| 6:21 | Scout Tower |
| 6:24 | Scout Tower |
| 6:39 | Scout Tower |
| 6:41 | Guard Tower |
| 6:45 | Scout Tower |
| 6:46 | Guard Tower |
| 6:52 | Guard Tower |
| 6:56 | Scout Tower |
| 7:00 | Scout Tower |
| 7:10 | Guard Tower |
| 7:16 | Arcane Tower |
| 7:17 | Arcane Tower |
| 7:24 | Scout Tower |
| 7:25 | Scout Tower |
| 7:26 | Scout Tower |
| 7:32 | Arcane Tower |
| 7:37 | Scout Tower |
| 7:48 | Holy Light |
| 7:55 | Guard Tower |
| 7:56 | Guard Tower |
| 7:57 | Arcane Tower |
| 8:04 | Guard Tower |
| 8:12 | Advanced Masonry |
| 8:17 | Scout Tower |
| 8:20 | Scout Tower |
| 8:22 | Scout Tower |
| 8:45 | Castle |
| 8:49 | Guard Tower |
| 8:56 | Guard Tower |
| 9:24 | Scout Tower |
| 9:55 | Altar of Kings |
| 10:12 | Bash |
| 10:20 | Guard Tower |
| 10:28 | Arcane Vault |
| 11:22 | Imbued Masonry |
| 11:24 | Gryphon Aviary |
| 11:28 | Gryphon Aviary |
| 11:42 | Staff of Sanctuary |
| 12:33 | Farm |
| 12:44 | Scout Tower |
| 12:45 | Scout Tower |
| 12:46 | Scout Tower |
| 12:58 | Scout Tower |
| 13:01 | Scout Tower |
| 13:03 | Scout Tower |
| 13:04 | Scout Tower |
| 13:05 | Scout Tower |
| 13:06 | Scout Tower |
| 13:07 | Scout Tower |
| 13:08 | Scout Tower |
| 13:09 | Scout Tower |
| 13:32 | Guard Tower |
| 13:37 | Cloud |
| 13:44 | Farm |
| 13:45 | Farm |
| 13:53 | Brilliance Aura |
| 14:34 | Guard Tower |
| 14:38 | Scout Tower |
| 14:38 | Scout Tower |
| 14:39 | Scout Tower |
| 14:58 | Scout Tower |
| 14:59 | Scout Tower |
| 15:00 | Scout Tower |
| 15:01 | Scout Tower |
| 15:05 | Dragonhawk Rider |
| 15:06 | Dragonhawk Rider |
| 15:23 | Guard Tower |
| 15:34 | Arcane Sanctum |
| 16:03 | Divine Shield |
| 17:37 | Orb of Fire |
| 17:46 | Magic Sentry |
| 17:50 | Guard Tower |
| 18:06 | Guard Tower |
| 18:08 | Guard Tower |
| 18:31 | Scout Tower |
| 18:32 | Scout Tower |
| 18:32 | Scout Tower |
| 18:33 | Scout Tower |
| 18:40 | Guard Tower |
| 18:43 | Scout Tower |
| 18:44 | Scout Tower |
| 19:03 | Guard Tower |
| 19:05 | Guard Tower |
| 19:07 | Guard Tower |
| 20:11 | Arcane Tower |
| 20:12 | Arcane Tower |
| 20:18 | Guard Tower |
| 20:28 | Farm |
| 24:44 | Dragonhawk Rider |
| 24:44 | Dragonhawk Rider |
| 24:44 | Dragonhawk Rider |
| Right click | 1124 |
| Select group | 734 |
| Select | 421 |
| Build/train/purchase | 77 |
| Use ability | 36 |
| Resource trade | 24 |
| Assign group | 15 |
| Minimap ping | 15 |
| Chat | 10 |
| Esc | 3 |
| Misc. action | 2 |
Cabeelibob
(194)
(26:18) : 
| Healing Salve | 3 | 300 |
| Lesser Clarity Potion | 5 | 350 |
| Orb of Lightning | 1 | 375 |
| Tiny Great Hall | 2 | 1200 |
| total: | 11 | 2225g |
| Peon | 27 | 2025 | / | 0 |
| Troll Witch Doctor | 4 | 580 | / | 100 |
| Kodo Beast | 1 | 255 | / | 60 |
| Troll Batrider | 2 | 320 | / | 80 |
| total: | 34 | 3180g | / | 240w |
| Watch Tower | 3 | 330 | / | 240 |
| Altar of Storms | 2 | 360 | / | 100 |
| Orc Burrow | 5 | 800 | / | 200 |
| War Mill | 1 | 205 | / | 0 |
| Voodoo Lounge | 2 | 260 | / | 60 |
| Great Hall | 1 | 385 | / | 185 |
| Spirit Lodge | 1 | 150 | / | 150 |
| Beastiary | 1 | 145 | / | 140 |
| Stronghold | 1 | 315 | / | 190 |
| Fortress | 1 | 325 | / | 190 |
| total: | 16 | 2635g | / | 1075w |
| 0:07 | Altar of Storms |
| 0:10 | Orc Burrow |
| 0:11 | Peon |
| 0:13 | Peon |
| 0:18 | Peon |
| 0:39 | Peon |
| 0:59 | War Mill |
| 1:01 | Peon |
| 1:08 | Peon |
| 1:23 | Peon |
| 1:28 | Peon |
| 1:51 | Voodoo Lounge |
| 1:53 | Peon |
| 1:57 | Peon |
| 2:08 | Orc Burrow |
| 2:15 | Wind Walk |
| 2:23 | Peon |
| 2:32 | Peon |
| 3:32 | Peon |
| 3:32 | Peon |
| 3:40 | Watch Tower |
| 3:44 | Peon |
| 3:44 | Peon |
| 3:55 | Great Hall |
| 4:13 | Healing Salve |
| 4:35 | Peon |
| 5:06 | Critical Strike |
| 5:57 | Watch Tower |
| 6:03 | Bash |
| 6:16 | Healing Salve |
| 6:44 | Peon |
| 6:48 | Stronghold |
| 7:27 | Watch Tower |
| 7:41 | Voodoo Lounge |
| 7:48 | Healing Salve |
| 7:49 | Lesser Clarity Potion |
| 8:52 | Orc Burrow |
| 8:55 | Spiked Barricades |
| 9:00 | Lesser Clarity Potion |
| 9:11 | Spirit Lodge |
| 9:13 | Fortress |
| 9:23 | Reinforced Defenses |
| 10:31 | Witch Doctor Adept Training |
| 10:44 | Beastiary |
| 10:55 | Improved Spiked Barricades |
| 11:35 | Witch Doctor Master Training |
| 11:35 | Troll Witch Doctor |
| 11:35 | Troll Witch Doctor |
| 11:35 | Troll Witch Doctor |
| 11:36 | Troll Witch Doctor |
| 11:45 | Orb of Lightning |
| 11:49 | Lesser Clarity Potion |
| 12:48 | War Drums Damage Increase |
| 12:49 | Liquid Fire |
| 13:45 | Kodo Beast |
| 13:46 | Troll Batrider |
| 13:47 | Troll Batrider |
| 14:09 | Lesser Clarity Potion |
| 14:11 | Tiny Great Hall |
| 16:21 | Critical Strike |
| 17:52 | Altar of Storms |
| 19:05 | Orc Burrow |
| 19:56 | Peon |
| 20:02 | Orc Burrow |
| 20:07 | Peon |
| 20:40 | Peon |
| 21:03 | Peon |
| 22:55 | Lesser Clarity Potion |
| 22:57 | Tiny Great Hall |
| 24:47 | Wind Walk |
| 25:35 | Peon |
| 25:35 | Peon |
| 25:35 | Peon |
| 25:35 | Peon |
| 25:35 | Peon |
| Right click | 644 |
| Select | 211 |
| Select group | 115 |
| Build/train/purchase | 99 |
| Resource trade | 68 |
| Misc. action | 64 |
| Chat | 40 |
| Use ability | 24 |
| Assign group | 4 |
| Item give/drop | 4 |
| Minimap ping | 3 |
| Remove unit | 1 |
| Esc | 1 |
⇛